 Dungeon Crawl Stone Soup version 0.20-a0-16-g0876c8e (webtiles) character file.

120 pkoi the Ruffian (level 4, 0/41 HPs)
             Began as a Troll Gladiator on Nov 4, 2016.
             Slain by Grinder (4 damage)
             ... on level 3 of the Dungeon.
             The game lasted 00:01:56 (1099 turns).

pkoi the Ruffian (Troll Gladiator)                  Turns: 1099, Time: 00:01:56

Health: 0/41       AC:  5    Str: 23    XL:     4   Next: 75%
Magic:  3/3        EV: 10    Int:  5    God:
Gold:   116        SH:  0    Dex: 10    Spells: 0 memorised, 3 levels left

rFire  . . .     SeeInvis .       - Unarmed
rCold  . . .     Gourm    +     a - +0 robe
rNeg   . . .     Faith    .     (no shield)
rPois  .         Spirit   .     b - +0 hat
rElec  .         Reflect  .     (no cloak)
rCorr  .         Harm     .     (gloves unavailable)
MR     .....                    (boots unavailable)
Stlth  +.........               (no amulet)
                                (no ring)
                                (no ring)

@: no status effects
A: unfitting armour, claws 3, fast metabolism 3, gourmand, regeneration 1,
shaggy fur 1, tough skin 2
a: no special abilities


You were on level 3 of the Dungeon.
You were very full.

You visited 1 branch of the dungeon, and saw 3 of its levels.

You collected 116 gold pieces.

Inventory:

Missiles
 c - 3 throwing nets (quivered)
 m - 7 tomahawks
Armour
 a - a +0 robe (worn)
 b - a +0 hat (worn)
Scrolls
 j - a scroll of identify {unknown}
 k - a scroll of recharging {unknown}
 l - a scroll of blinking {unknown}
 n - a scroll of random uselessness {unknown}
Potions
 e - 2 potions of curing {unknown}
 f - a potion of berserk rage {unknown}
 g - 2 potions of might {unknown}
Comestibles
 d - 2 bread rations
 h - 3 meat rations
 i - a chunk of flesh


   Skills:
 - Level 1.5 Fighting
 - Level 1.7 Throwing
 - Level 2.4 Dodging
 + Level 5.5 Unarmed Combat


You had 3 spell levels left.
You didn't know any spells.

Dungeon Overview and Level Annotations

Branches:
Dungeon (3/15)

Altars:

Annotations:
D:3 Grinder


Innate Abilities, Weirdness & Mutations

You are too large for most types of armour.
You have claws for hands.
Your metabolism is lightning-fast.
You like to eat raw meat.
Your natural rate of healing is unusually fast.
You are covered in fur. (AC +1)
You have very tough skin. (AC +2)


Message History

Grinder is lightly wounded.
The giant cockroach barely misses you. Grinder barely misses you.
You barely miss Grinder.
Grinder is lightly wounded.
The giant cockroach bites you but does no damage.
The worm bites you but does no damage.
You claw Grinder!
Grinder is moderately wounded.
Grinder hits you.
You writhe in agony.
The giant cockroach barely misses you.
You claw Grinder!
Grinder is heavily wounded.
Grinder hits you.
You writhe in agony.
* * * LOW HITPOINT WARNING * * *
The giant cockroach bites you but does no damage.
The worm bites you.
* * * LOW HITPOINT WARNING * * *
Grinder hits you.
* * * LOW HITPOINT WARNING * * *
You writhe in agony.
You die...

.. . .#####
# ..... ..#
#...
...####..#
......oo$#
.#..#.##5.#
.......@s.#
##..#..#w.#
##.#.....
#.#.#####
.%... #.##.
#. [# .. .#


You could see Grinder, a worm, an orc and a giant cockroach.

Vanquished Creatures
  Ijyb (D:2)
  A gnoll (D:1)
  3 adders (D:2)
  An ooze (D:1)
  4 dart slugs
  An orc (D:3)
  8 bats
  5 giant cockroaches
  3 goblins
  4 hobgoblins
  5 kobolds
  A quokka (D:2)
  A frilled lizard (D:2)
  8 rats
46 creatures vanquished.

Notes
Turn   | Place    | Note
-------+----------+-------------------------------------------
     0 | D:1      | pkoi the Troll Gladiator began the quest for the Orb.
     0 | D:1      | Reached XP level 1. HP: 19/19 MP: 0/0
    64 | D:1      | Reached XP level 2. HP: 23/27 MP: 1/1
   107 | D:1      | Reached skill level 4 in Unarmed Combat
   214 | D:1      | Reached XP level 3. HP: 33/33 MP: 2/2
   661 | D:2      | Noticed Ijyb
   678 | D:2      | Killed Ijyb
   698 | D:2      | Reached skill level 5 in Unarmed Combat
   698 | D:2      | Reached XP level 4. HP: 41/41 MP: 3/3
  1076 | D:3      | Noticed Grinder
  1083 | D:3      | Paralysed by Grinder for 6 turns
  1099 | D:3      | Slain by Grinder

Vault maps used:
D:1:      dpeg_arrival_chase
D:2:      uniq_iyjb
D:3:      kennysheep_six_static_rooms, lemuel_doored_altar, first_bread,
          uniq_grinder

Skill      XL: |  1  2  3 |
---------------+----------+-----
Unarmed Combat | 4 5 |  5.5
Fighting       | |  1.5
Throwing       | |  1.7
Dodging        | |  2.4

Action                   |  1- 3 |  4- 6 || total
-------------------------+-------+-------++-------
Melee: Unarmed           |    57 |    51 ||   108
       Punch             |     1 |     1 ||     2
  Use: Scroll            |     1 |       ||     1
 Stab: Sleeping          |       |     1 ||     1
  Eat: Chunk             |    11 |     4 ||    15
Armor: Robe              |    21 |    35 ||    56
Dodge: Dodged            |    28 |    46 ||    74
